 Dungeon Crawl Stone Soup version 0.21-a0-584-g185da8e (webtiles) character file.

18732 kibaces the Spear-Bearer (level 12, -4/96 HPs)
             Began as a Demigod Earth Elementalist on Dec 18, 2017.
             Slain by a spiny frog (21 damage)
             ... on level 1 of the Lair of Beasts on Dec 20, 2017.
             The game lasted 01:50:37 (20807 turns).

kibaces the Spear-Bearer (DgEE)                    Turns: 20807, Time: 01:50:37

Health: -4/96      AC: 18    Str: 15    XL:     12   Next: 4%
Magic:  13/24      EV: 16    Int: 27    God:
Gold:   397        SH:  4    Dex: 16    Spells: 9/22 levels left

rFire    + . .     SeeInvis +   N - +8 glaive of the Guard {elec, +Rage AC+5 SInv}
rCold    . . .     Gourm    .   (shield currently unavailable)
rNeg     . . .     Faith    .   R - +0 robe of Vlad {rElec rF+ Int+4} (curse)
rPois    .         Spirit   .   J - +2 hat
rElec    +         Reflect  +   Q - +2 cloak
rCorr    .         Harm     .   B - +2 pair of gloves
MR       +....                  q - +2 pair of boots
Stlth    ++........             O - +4 amulet of reflection
HPRegen  0.26/turn              z - ring of wizardry
MPRegen  0.19/turn              E - ring of wizardry

@: lethally poisoned (-4 -> -10)
A: high mp 1
a: Evoke Berserk Rage


You were on level 1 of the Lair of Beasts.
You were not hungry.

You visited 2 branches of the dungeon, and saw 12 of its levels.

You collected 501 gold pieces.
You spent 104 gold pieces at shops.

Inventory:

Hand Weapons
 w - a +2 short sword of holy wrath
 y - a +2 dagger of venom
 N - the +8 glaive of the Guard (weapon) {elec, +Rage AC+5 SInv}
   (You found it on level 8 of the Dungeon)

   Occasionally, upon striking a foe, it will discharge some electrical energy
   and cause terrible harm.
   It affects your AC (+5).
   It lets you see invisible.
   It lets you go berserk.
Missiles
 b - 188 stones (quivered)
Armour
 h - a +0 buckler
 q - a +2 pair of boots (worn)
 B - a +2 pair of gloves (worn)
 J - a +2 hat (worn)
 Q - a +2 cloak (worn)
 R - the cursed +0 robe of Vlad (worn) {rElec rF+ Int+4}
   (You found it on level 11 of the Dungeon)

   It affects your intelligence (+4).
   It protects you from fire.
   It insulates you from electricity.
   It has a curse placed upon it.
Jewellery
 j - an uncursed amulet of regeneration {unknown}
 z - a ring of wizardry (left hand)
 E - a ring of wizardry (right hand)
 K - an uncursed ring of ice
 O - a +4 amulet of reflection (around neck)
Wands
 c - a wand of paralysis (16)
 f - a wand of iceblast (22)
 p - a wand of acid (14)
 C - a wand of enslavement (14)
Scrolls
 a - 3 scrolls of teleportation
 n - 4 scrolls of fear {unknown}
 t - 2 scrolls of enchant weapon {unknown}
 u - 2 scrolls of identify
 v - 2 scrolls of amnesia
 x - 2 scrolls of magic mapping {unknown}
 A - a scroll of vulnerability {unknown}
 D - 4 scrolls of remove curse {unknown}
 L - 2 scrolls of random uselessness {unknown}
 M - 2 scrolls of fog {unknown}
Potions
 g - a potion of berserk rage {unknown}
 i - a potion of might {unknown}
 k - 4 potions of heal wounds
 l - a potion of magic {unknown}
 m - 3 potions of lignification {unknown}
 o - a potion of cancellation {unknown}
 r - 2 potions of haste
 s - 7 potions of curing
 G - 2 potions of degeneration {unknown}
 H - a potion of resistance {unknown}
 I - a potion of mutation {unknown}
 P - 3 potions of agility {unknown}
Books
 e - a book of Geomancy

   Spells                             Type                      Level
   a - Sandblast                      Earth                        1
   b - Passwall                       Transmutation/Earth          2
   c - Stone Arrow                    Conjuration/Earth            3
   d - Petrify                        Transmutation/Earth          4
   e - Lee's Rapid Deconstruction     Earth                        5
Comestibles
 d - 16 rations


   Skills:
 - Level 6.0 Fighting
 + Level 9.0 Polearms
 + Level 5.7 Dodging
 - Level 2.0 Stealth
 - Level 4.0 Shields
 + Level 5.8 Spellcasting
 - Level 6.7 Conjurations
 - Level 8.1 Transmutations
 + Level 6.9 Earth Magic
 * Level 0.3 Evocations


You had 9 spell levels left.
You knew the following spells:

 Your Spells              Type           Power        Failure   Level  Hunger
a - Sandblast             Erth           #####.       1%          1    None
b - Stone Arrow           Conj/Erth      #####.       1%          3    None
d - Lee's Rapid Deconstr  Erth           #####.....   3%          5    #####..
f - Petrify               Tmut/Erth      #####...     1%          4    ###....


Dungeon Overview and Level Annotations

Branches:
Dungeon (11/15)            Temple (0/1) D:4            Lair (1/6) D:8
    Orc: D:9-12

Shops:
D:4 !


Innate Abilities, Weirdness & Mutations

You have an increased reservoir of magic. (+10% MP)


Message History

You slash the spiny frog!
The spiny frog is heavily wounded.
You feel sick.
Attack whom?
Press: ? - help, Dir - move target cursor, f/p - spiny frog
Aim: a spiny frog (heavily wounded, petrified)
You reach to attack!
The helpless spiny frog fails to defend itself.
You slash the spiny frog!
The spiny frog is heavily wounded.
You feel sick.
The spiny frog is no longer petrified.
The spiny frog misses you.
You barely miss the spiny frog.
The spiny frog is heavily wounded.
You feel sick.
The spiny frog stings you but does no damage.
You slash the spiny frog!
The spiny frog is severely wounded.
You feel sick. The spiny frog closely misses you. The spiny frog stings you!!
You die...

#.#####P## ####.# #........#
#..... #........# #.....
#........# #..... .
#........#######..... ...
#..........##.#...... ...#
#........#....../....
...+..#........###.##......
......'..F@.....#####P..... #+#
#.#####.........# ##..... #.#
####.+##### ####.. #.# ##....##
#.#. #.## #...##.### ##... ##..#
###'##.##.# ##..##
#.#'#######.........### #..##
#........##...........# ###.#.##
#........#............###......#


You could see a spiny frog.

Vanquished Creatures
  5 two-headed ogres
  An unseen horror (D:10)
  An ugly thing (D:11)
  Pikel (D:6)
  2 cyclopes (D:11)
  A spiny frog (Lair:1)
  A gargoyle (D:11)
  2 trolls
  5 blink frogs (Lair:1)
  2 hippogriffs
  A shadow (D:11)
  A wraith (D:11)
  A human (D:11)
  2 wyverns
  A basilisk (Lair:1)
  3 hogs (D:11)
  A hungry ghost (D:11)
  11 yaks
  A soldier ant (D:9)
  An acid dragon (D:11)
  2 hell hounds (D:8)
  2 porcupines (Lair:1)
  7 orc warriors
  4 sky beasts
  10 ice beasts
  5 ogres
  2 eyes of draining (D:11)
  A necrophage (D:7)
  2 black bears
  8 centaurs
  3 crocodiles
  6 bullfrogs
  A wyvern zombie (D:11)
  A water moccasin zombie (D:11)
  8 scorpions
  3 killer bees (D:10)
  8 wights
  2 howler monkeys (D:10)
  7 crimson imps
  A quasit (D:10)
  4 bullfrog zombies
  A centaur zombie (D:6)
  4 jellies
  11 hounds
  22 orc wizards
  9 orc priests
  2 bullfrog skeletons
  A centaur skeleton (D:10)
  3 iguanas
  11 worker ants
  Terence (D:3)
  A killer bee zombie (D:6)
  A hound zombie (D:9)
  A hound skeleton (D:11)
  A howler monkey zombie (D:5)
  2 worker ant zombies
  10 adders
  An ooze (D:6)
  An adder zombie (D:6)
  7 worms
  2 dart slugs
  6 leopard geckos
  49 orcs
  A giant cockroach (D:4)
  3 goblins
  7 hobgoblins
  8 jackals
  3 quokkas
  7 bats
  6 frilled lizards
  4 kobolds
  A quokka zombie (D:7)
  5 rats
323 creatures vanquished.

Vanquished Creatures (others)
  2 slaves (D:6)
  An orc (D:6)
  A quokka (D:6)
  A fungus (Lair:1)
5 creatures vanquished.

Grand Total: 328 creatures vanquished

Notes
Turn   | Place    | Note
-------+----------+-------------------------------------------
     0 | D:1      | kibaces the Demigod Earth Elementalist began the quest for the Orb.
     0 | D:1      | Reached XP level 1. HP: 14/14 MP: 5/5
   498 | D:1      | Reached XP level 2. HP: 20/20 MP: 4/7
  1262 | D:2      | Reached XP level 3. HP: 26/26 MP: 3/8
  1267 | D:2      | Learned a level 3 spell: Stone Arrow
  1363 | D:2      | Found a faded altar of an unknown god.
  1938 | D:2      | You fall through a shaft for 2 floors!
  1944 | D:4      | Reached skill level 1 in Conjurations
  1944 | D:4      | Reached XP level 4. HP: 33/33 MP: 3/10
  2093 | D:4      | Reached skill level 1 in Shields
  2696 | D:4      | Reached XP level 5. HP: 38/38 MP: 2/12
  2837 | D:4      | Found Jikhomy's Distillery.
  2841 | D:4      | Bought a potion of curing for 39 gold pieces
  2841 | D:4      | Bought a potion of heal wounds for 65 gold pieces
  2943 | D:4      | Found an ornate altar of the Wu Jian Council.
  3209 | D:2      | Found a sparkling altar of Nemelex Xobeh.
  3769 | D:3      | Noticed Terence
  3773 | D:3      | Killed Terence
  4433 | D:3      | Found a shattered altar of Ashenzari.
  4442 | D:3      | Found a blossoming altar of Fedhas.
  4596 | D:4      | Reached XP level 6. HP: 45/45 MP: 8/13
  5094 | D:4      | Found a staircase to the Ecumenical Temple.
  5503 | D:5      | Entered Level 5 of the Dungeon
  5515 | D:5      | Reached XP level 7. HP: 50/50 MP: 11/15
  6764 | D:5      | Reached skill level 5 in Conjurations
  6764 | D:5      | Reached skill level 5 in Earth Magic
  7316 | D:5      | Reached XP level 8. HP: 48/57 MP: 4/17
  7704 | D:6      | Learned a level 4 spell: Petrify
  7710 | D:6      | Learned a level 5 spell: Lee's Rapid Deconstruction
  7743 | D:6      | Noticed a troll
  8250 | D:6      | Reached skill level 1 in Transmutations
  8731 | D:6      | Noticed Pikel
  8757 | D:6      | Killed Pikel
  9114 | D:6      | Killed a troll
  9114 | D:6      | Reached skill level 5 in Spellcasting
  9114 | D:6      | Reached XP level 9. HP: 56/62 MP: 3/20
  9843 | D:7      | Found a glowing golden altar of the Shining One.
 10720 | D:8      | Found a shadowy altar of Dithmenos.
 10982 | D:8      | Found a snail-covered altar of Cheibriados.
 10983 | D:8      | Found a deep blue altar of Sif Muna.
 11426 | D:8      | Found a staircase to the Lair.
 11433 | D:8      | Reached skill level 5 in Transmutations
 12011 | D:8      | Found the +8 glaive of the Guard {elec, +Rage AC+5 SInv}
 12672 | D:9      | Found a bloodstained altar of Trog.
 12872 | D:9      | Noticed a two-headed ogre
 13267 | D:9      | Reached skill level 1 in Polearms
 13359 | D:9      | Reached skill level 1 in Fighting
 13906 | D:9      | Reached skill level 2 in Polearms
 13906 | D:9      | Reached XP level 10. HP: 70/72 MP: 5/22
 14043 | D:9      | Found an iron altar of Okawaru.
 14365 | D:9      | Killed a two-headed ogre
 14365 | D:9      | Reached skill level 3 in Polearms
 14670 | D:10     | Entered Level 10 of the Dungeon
 14695 | D:10     | Noticed an unseen horror
 14708 | D:10     | Killed an unseen horror
 14708 | D:10     | Reached skill level 4 in Polearms
 15089 | D:10     | Noticed a two-headed ogre
 15181 | D:10     | Killed a two-headed ogre
 15181 | D:10     | Reached skill level 5 in Polearms
 15361 | D:10     | Noticed a two-headed ogre
 15393 | D:10     | Killed a two-headed ogre
 16299 | D:9      | Reached skill level 6 in Polearms
 16704 | D:11     | Noticed a purple ugly thing
 16902 | D:11     | Noticed a cyclops
 16902 | D:11     | Noticed a two-headed ogre
 17143 | D:11     | Reached XP level 11. HP: 85/85 MP: 8/23
 17373 | D:11     | Noticed a two-headed ogre
 17552 | D:11     | Killed a two-headed ogre
 17606 | D:11     | Reached skill level 7 in Polearms
 17912 | D:11     | Reached skill level 5 in Fighting
 18295 | D:11     | Killed a two-headed ogre
 18545 | D:11     | Reached skill level 8 in Polearms
 18594 | D:11     | Reached skill level 5 in Dodging
 19053 | D:11     | Got a distressingly furry robe
 19054 | D:11     | Identified the cursed +0 robe of Vlad {rElec rF+ Int+4} (You found it on level 11 of the Dungeon)
 19324 | Lair:1   | Entered Level 1 of the Lair of Beasts
 19399 | Lair:1   | Found a glowing silver altar of Zin.
 20071 | Lair:1   | Noticed a four-headed hydra
 20347 | Lair:1   | Upgraded the game from 0.21-a0-578-gc6e9d75 to 0.21-a0-584-g185da8e
 20506 | Lair:1   | Reached XP level 12. HP: 72/96 MP: 11/24
 20513 | Lair:1   | Reached skill level 9 in Polearms
 20807 | Lair:1   | Slain by a spiny frog

Vault maps used:
D:1:      dpeg_arrival_concentric_ovals
D:2:      chequers_ecumenical_altar_simple, minmay_fountain_box,
          nemelex_xobeh_ov_fountains_minmay
D:3:      amethyst_overflow_temple_binary, uniq_terence
D:4:      minmay_door_path, lemuel_crystal_altar,
          minmay_temple_entry_enclosed_plants, first_ration, serial_shops, shop
D:6:      uniq_pikel
D:7:      lemuel_doored_altar
D:8:      chequers_temple_overflow_statue_of_worship,
          nicolae_overflow_hidden_temple, minmay_lair_entry_lava
D:9:      kennysheep_mini, old_standard_altar
D:11:     cheibrodos_fzero, portal_ice_cave_entry_ice_beasts, grunt_livestock
Lair:1:   lemuel_centaur_altar

Skill      XL: |  1  2  3  4  5  6  7  8  9 10 11 12 |
---------------+-------------------------------------+-----
Stealth        | 2 |  2.0
Dodging        | 2 3 5 |  5.7
Spellcasting   | 2 3 4 5 |  5.8
Earth Magic    | 3 4 5 6 |  6.9
Conjurations   | 1 2 3 5 6 |  6.7
Shields        | 1 2 3 4 |  4.0
Transmutations | 3 5 7 8 |  8.1
Polearms       | 2 6 8 9 |  9.0
Fighting       | 1 4 6 |  6.0
Evocations     | |  0.3

Action                   |  1- 3 |  4- 6 |  7- 9 | 10-12 || total
-------------------------+-------+-------+-------+-------++-------
Melee: Unarmed           |       |     1 |       |       ||     1
       Dagger            |       |       |    54 |       ||    54
       Glaive            |       |       |    51 |   384 ||   435
 Cast: Sandblast         |    57 |    34 |    46 |    13 ||   150
       Stone Arrow       |     5 |    30 |   138 |    49 ||   222
       Petrify           |       |       |    42 |   118 ||   160
       Lee's Rapid Decon |       |       |     8 |    13 ||    21
  Use: Scroll            |       |     4 |     5 |     7 ||    16
       Potion            |       |       |       |     1 ||     1
 Stab: Petrified         |       |       |    46 |   124 ||   170
       Petrifying        |       |       |     4 |     8 ||    12
       Sleeping          |       |       |       |     3 ||     3
       Distracted        |       |       |       |     2 ||     2
  Eat: Chunk             |     4 |    10 |    21 |    29 ||    64
       Ration            |       |     1 |     6 |     4 ||    11
Armor: Robe              |     1 |     9 |    28 |   118 ||   156
Dodge: Dodged            |     6 |    18 |    61 |   223 ||   308
Block: Buckler           |       |     1 |    22 |       ||    23
       Other             |       |       |       |    51 ||    51
       Reflection        |       |       |       |     8 ||     8

Table legend:
 A = Spawn XP
 B = Non-spawn XP
 C = Spawn XP percentage of total XP
 D = Spawn monster count
 E = Non-spawn monster count
 F = Spawn count percentage of total count
 G = Total turns spent on level
                    A         B        C        D         E        F      G
               +---------+---------+-------+---------+---------+-------+---------
         Total |       0 |   26760 |   0.0 |       0 |     323 |   0.0 | 20807
               +---------+---------+-------+---------+---------+-------+---------
           D:1 |       0 |      26 |   0.0 |       0 |      17 |   0.0 |   947
           D:2 |       0 |      51 |   0.0 |       0 |      20 |   0.0 |  1778
           D:3 |       0 |     113 |   0.0 |       0 |      10 |   0.0 |   825
           D:4 |       0 |     646 |   0.0 |       0 |      18 |   0.0 |  1953
           D:5 |       0 |     949 |   0.0 |       0 |      26 |   0.0 |  2144
           D:6 |       0 |    1723 |   0.0 |       0 |      31 |   0.0 |  1995
           D:7 |       0 |    1016 |   0.0 |       0 |      16 |   0.0 |  1366
           D:8 |       0 |    1140 |   0.0 |       0 |      22 |   0.0 |  2147
           D:9 |       0 |    2105 |   0.0 |       0 |      26 |   0.0 |  1959
          D:10 |       0 |    5463 |   0.0 |       0 |      54 |   0.0 |  2581
          D:11 |       0 |    8468 |   0.0 |       0 |      56 |   0.0 |  1629
        Lair:1 |       0 |    5060 |   0.0 |       0 |      27 |   0.0 |  1483
               +---------+---------+-------+---------+---------+-------+---------
